 Dungeon Crawl Stone Soup version 0.19.1-1-g22dce08 (webtiles) character file.

6990 JeffiDaFish the Basher (level 11, -12/68 HPs)
             Began as a Gargoyle Fighter on Jan 4, 2017.
             Was a Follower of Makhleb.
             Mangled by a komodo dragon (15 damage)
             ... on level 1 of the Lair of Beasts on Jan 5, 2017.
             The game lasted 00:18:04 (8586 turns).

JeffiDaFish the Basher (Gargoyle Fighter)           Turns: 8586, Time: 00:18:05

Health: -12/68     AC: 26    Str: 19    XL:     11   Next: 8%
Magic:  11/11      EV:  7    Int:  8    God:    Makhleb [*.....]
Gold:   557        SH: 12    Dex: 12    Spells: 0 memorised, 10 levels left

rFire  . . .     SeeInvis .     d - +0 morningstar
rCold  . . .     Gourm    .     k - +0 plate armour
rNeg   + . .     Faith    .     c - +1 shield
rPois  ∞         Spirit   .     v - +1 helmet
rElec  +         Reflect  .     (no cloak)
rCorr  .         Harm     .     m - +2 pair of gloves
MR     +....     Clarity  +     (no boots)
Stlth  ..........               (no amulet)
                                e - ring of protection from magic
                                r - +1 ring of evasion

@: very slightly contaminated, invisible
A: clarity, negative energy resistance 1, electricity resistance, weak 1,
unbreathing, petrification resistance, rot immunity, AC +7
a: Renounce Religion


You were on level 1 of the Lair of Beasts.
You worshipped Makhleb.
Makhleb was aware of your devotion.
You were not hungry.

You visited 3 branches of the dungeon, and saw 11 of its levels.

You collected 557 gold pieces.

Inventory:

Hand Weapons
 d - a +0 morningstar (weapon)
Armour
 c - a +1 shield (worn)
 k - a +0 plate armour (worn)
 m - a +2 pair of gloves (worn)
 v - a +1 helmet (worn)
Jewellery
 e - a ring of protection from magic (right hand)
 r - a +1 ring of evasion (left hand)
Wands
 a - a wand of random effects (41/48)
 w - a wand of iceblast (10/15)
Scrolls
 n - 4 scrolls of identify
 q - 4 scrolls of teleportation
 s - a scroll of amnesia
 t - a scroll of fog
Potions
 b - a potion of agility
 j - a potion of haste
 l - a potion of might
 o - a potion of curing
 p - a potion of invisibility
 x - a potion of cancellation {unknown}
Comestibles
 f - 4 bread rations
 g - 2 slices of pizza
 h - 5 fruits
 i - 2 meat rations
 u - a beef jerky


   Skills:
 + Level 8.2 Fighting
 + Level 11.3 Maces & Flails
 + Level 7.0 Armour
 + Level 2.7 Dodging
 + Level 1.0 Stealth
 + Level 9.1 Shields


You had 10 spell levels left.
You didn't know any spells.

Dungeon Overview and Level Annotations

Branches:
Dungeon (9/15)             Temple (1/1) D:7            Lair (1/6) D:9
    Orc (0/2) D:9

Altars:
Ashenzari
Cheibriados
Elyvilon
Fedhas
Gozag
Kikubaaqudgha
Makhleb
Nemelex Xobeh
Sif Muna
Trog
Uskayaw
Vehumet
Xom
Yredelemnul
Zin
The Shining One

Shops:
D:9 %

Annotations:
D:7 exclusion: statue


Innate Abilities, Weirdness & Mutations

You are resistant to torment.
Your stone body is resilient. (AC +7)
You are immune to poison.
You resist negative energy. (rN+)
You are resistant to electric shocks. (rElec)
You can survive without breathing.
You are immune to petrification.
You are immune to rotting.
You possess an exceptional clarity of mind.
You are weak. (Str -2)


Message History

The komodo dragon bites you but does no damage.
You catch the helpless komodo dragon completely off-guard!
You hit the komodo dragon but do no damage.
The komodo dragon is lightly wounded.
You sock the komodo dragon!
The komodo dragon is moderately wounded.
You block the komodo dragon's attack.
You closely miss the komodo dragon.
The komodo dragon is moderately wounded.
You block the komodo dragon's attack.
You catch the helpless komodo dragon completely off-guard!
You bludgeon the komodo dragon!!
The komodo dragon is severely wounded.
You puncture the komodo dragon!
The komodo dragon is almost dead.
The komodo dragon barely misses you.
Your plate armour prevents you from hitting the komodo dragon.
The komodo dragon is almost dead.
The komodo dragon bites you!
You die...

....... #..$... #......
..#....#### ###
..........###.#
..#.#.........##
...........#.#.###
....#...l........#
.......@.........#
.....#...........##
..................#####
.#..##.......#.....##.##
.....#.....#.#.........#
............##.......<##
. ....#.....###.......#
#................#.##
.####.............##


You could see a komodo dragon.

Vanquished Creatures
  A hydra (Lair:1)
  Pikel (D:9)
  Joseph (D:7)
  The ghost of zachydoo the Cudgeler, a novice DsGl of Makhleb (D:4)
  Grinder (D:3)
  Prince Ribbit (D:7)
  A hornet (D:9)
  2 trolls (D:9)
  3 hippogriffs
  Sigmund (D:5)
  Menkaure (D:7)
  Duvessa (D:5)
  6 orc warriors
  A phantom (D:5)
  An ice beast (D:9)
  A sky beast (D:6)
  A black bear (D:9)
  A necrophage (D:7)
  2 ogres
  2 centaurs
  5 wolves (D:9)
  2 bullfrogs
  3 scorpions
  Dowan (D:5)
  A wyvern skeleton (D:7)
  4 electric eels (D:9)
  A howler monkey (D:7)
  2 centaur skeletons (D:7)
  8 hounds
  5 orc priests
  A bullfrog skeleton (D:4)
  2 iguanas
  Ijyb (D:2)
  5 worker ants
  4 orc wizards
  A hound zombie (D:7)
  A hound skeleton (D:5)
  A howler monkey zombie (D:6)
  A worker ant zombie (D:6)
  7 gnolls
  9 adders
  2 howler monkey skeletons
  2 oozes (D:5)
  8 worms
  3 dart slugs
  4 leopard geckos
  28 orcs
  5 giant cockroaches
  9 goblins
  8 hobgoblins
  13 jackals
  A quokka (D:3)
  4 ball pythons
  A ball python zombie (D:5)
  4 bats
  7 frilled lizards
  2 jackal skeletons
  A jackal zombie (D:5)
  6 kobolds
  A leopard gecko skeleton (D:4)
  A leopard gecko zombie (D:6)
  A quokka skeleton (D:4)
  7 rats
213 creatures vanquished.

Vanquished Creatures (others)
  An orc wizard (D:9)
  A quokka skeleton (D:9)
2 creatures vanquished.

Grand Total: 215 creatures vanquished

Notes
Turn   | Place    | Note
-------+----------+-------------------------------------------
     0 | D:1      | JeffiDaFish the Gargoyle Fighter began the quest for the Orb.
     0 | D:1      | Reached XP level 1. HP: 14/14 MP: 1/1
   409 | D:1      | Reached XP level 2. HP: 17/19 MP: 2/2
   595 | D:1      | Reached XP level 3. HP: 21/23 MP: 3/3
   797 | D:1      | Gained mutation: You are weak. (Str -2) [potion of mutation]
   797 | D:1      | Gained mutation: You possess an exceptional clarity of mind. [potion of mutation]
  1089 | D:2      | Found a glowing golden altar of the Shining One.
  1190 | D:2      | Noticed Ijyb
  1198 | D:2      | Killed Ijyb
  1198 | D:2      | Reached skill level 3 in Maces & Flails
  1198 | D:2      | Reached XP level 4. HP: 27/28 MP: 4/4
  1203 | D:2      | Found an ancient bone altar of Kikubaaqudgha.
  1697 | D:2      | Reached XP level 5. HP: 29/33 MP: 5/5
  1830 | D:3      | Noticed Grinder
  1839 | D:3      | Paralysed by Grinder for 5 turns
  1849 | D:3      | Killed Grinder
  1849 | D:3      | Reached skill level 4 in Maces & Flails
  1849 | D:3      | Reached XP level 6. HP: 17/38 MP: 6/6
  2313 | D:4      | Reached skill level 1 in Dodging
  2422 | D:4      | Noticed zachydoo's ghost (novice DsGl)
  2440 | D:4      | Killed zachydoo's ghost
  2440 | D:4      | Reached skill level 5 in Maces & Flails
  2440 | D:4      | Reached skill level 5 in Shields
  2440 | D:4      | Reached XP level 7. HP: 30/44 MP: 7/7
  3125 | D:4      | Noticed a moth of wrath
  3127 | D:4      | Found a bloodstained altar of Trog.
  3350 | D:5      | Entered Level 5 of the Dungeon
  3379 | D:5      | Reached skill level 6 in Maces & Flails
  3379 | D:5      | Reached XP level 8. HP: 48/48 MP: 8/8
  3449 | D:5      | Reached skill level 5 in Fighting
  3540 | D:5      | Reached skill level 5 in Armour
  3639 | D:5      | Noticed Duvessa
  3643 | D:5      | Noticed Dowan
  3649 | D:5      | Killed Duvessa
  3657 | D:5      | Killed Dowan
  3724 | D:5      | Reached skill level 7 in Maces & Flails
  3909 | D:5      | Noticed Sigmund
  3922 | D:5      | Killed Sigmund
  4320 | D:6      | Reached XP level 9. HP: 49/55 MP: 9/9
  4351 | D:6      | Found a white marble altar of Elyvilon.
  4356 | D:6      | Found a sparkling altar of Nemelex Xobeh.
  4358 | D:6      | Found a blossoming altar of Fedhas.
  4358 | D:6      | Found a hide-covered altar of Uskayaw.
  4360 | D:6      | Found a deep blue altar of Sif Muna.
  4360 | D:6      | Found a shattered altar of Ashenzari.
  4361 | D:6      | Found a shimmering altar of Xom.
  4771 | D:6      | Reached skill level 8 in Maces & Flails
  5318 | D:7      | Noticed Menkaure
  5329 | D:7      | Killed Menkaure
  5636 | D:7      | Found a staircase to the Ecumenical Temple.
  5646 | Temple   | Entered the Ecumenical Temple
  5653 | Temple   | Became a worshipper of Makhleb the Destroyer
  5672 | D:7      | Reached skill level 9 in Maces & Flails
  5692 | D:7      | Noticed Joseph
  5723 | D:7      | Killed Joseph
  5774 | D:7      | Noticed Prince Ribbit
  5785 | D:7      | Killed Prince Ribbit
  5785 | D:7      | Reached XP level 10. HP: 29/63 MP: 10/10
  5964 | D:7      | Found a radiant altar of Vehumet.
  6628 | D:8      | Found a glowing silver altar of Zin.
  6992 | D:9      | Reached skill level 10 in Maces & Flails
  7076 | D:9      | Reached * piety under Makhleb
  7412 | D:9      | Found a staircase to the Lair.
  7628 | D:9      | Noticed Pikel
  7653 | D:9      | Killed Pikel
  7751 | D:9      | Found Piemo's Food Shoppe.
  8236 | D:9      | Reached skill level 1 in Stealth
  8248 | D:9      | Reached skill level 11 in Maces & Flails
  8251 | D:9      | HP: 2/64 [orc priest/divine providence (11)]
  8446 | D:9      | Found a staircase to the Orcish Mines.
  8526 | Lair:1   | Entered Level 1 of the Lair of Beasts
  8557 | Lair:1   | Noticed a four-headed hydra
  8574 | Lair:1   | HP: 1/64 [four-headed hydra (5)]
  8576 | Lair:1   | Killed a four-headed hydra
  8576 | Lair:1   | Reached XP level 11. HP: 1/68 MP: 11/11
  8586 | Lair:1   | Mangled by a komodo dragon

Skill      XL: |  1  2  3  4  5  6  7  8  9 10 |
---------------+-------------------------------+-----
Shields        | 4 5 6 7 9 |  9.1
Maces & Flails | 3 4 5 6 7 9 11 | 11.3
Fighting       | 4 6 7 8 |  8.2
Armour         | 4 5 7 |  7.0
Dodging        | 1 2 |  2.7
Stealth        | 1 |  1.0

Action                   |  1- 3 |  4- 6 |  7- 9 | 10-12 || total
-------------------------+-------+-------+-------+-------++-------
Melee: Flail             |   132 |   128 |   159 |       ||   419
       Morningstar       |       |       |   214 |   356 ||   570
  Use: Scroll            |     8 |     2 |     5 |     5 ||    20
       Potion            |     6 |     3 |     2 |     6 ||    17
 Stab: Invisible         |       |       |       |     4 ||     4
  Eat: Chunk             |     1 |     5 |     6 |    10 ||    22
       Meat ration       |       |       |     1 |       ||     1
Armor: Scale mail        |    69 |    58 |   158 |     1 ||   286
       Plate armour      |       |       |       |   172 ||   172
       Chain mail        |       |       |       |    21 ||    21
Dodge: Dodged            |    33 |    32 |   147 |    83 ||   295
Block: Shield            |    79 |    58 |   209 |   208 ||   554
